 Dungeon Crawl Stone Soup version 0.19.0-2-gae57169 (webtiles) character file.

205 tbh1313 the Cudgeler (level 5, -2/48 HPs)
             Began as a Gargoyle Monk on Nov 5, 2016.
             Was a Believer of Okawaru.
             Killed by divine providence
             ... invoked by an orc priest
              (12 damage)
             ... on level 4 of the Dungeon.
             The game lasted 00:09:04 (3154 turns).

tbh1313 the Cudgeler (Gargoyle Monk)                Turns: 3154, Time: 00:09:05

Health: -2/48      AC:  7    Str: 20    XL:     5   Next: 83%
Magic:  5/5        EV: 12    Int: 11    God:    Okawaru [**....]
Gold:   73         SH:  0    Dex: 12    Spells: 2 memorised, 2 levels left

rFire  . . .     SeeInvis .     a - +0 mace
rCold  . . .     Gourm    .     d - +0 leather armour
rNeg   + . .     Faith    .     (no shield)
rPois  ∞         Spirit   .     (no helmet)
rElec  +         Reflect  .     (no cloak)
rCorr  .         Harm     .     (no gloves)
MR     .....                    (no boots)
Stlth  ..........               k - amulet of rage
                                (no ring)
                                (no ring)

@: berserking, starving, very quick
A: negative energy resistance 1, electricity resistance, unbreathing,
petrification resistance, rot immunity, AC +4
a: Heroism, Renounce Religion, Evoke Berserk Rage


You were on level 4 of the Dungeon.
You worshipped Okawaru.
Okawaru was pleased with you.
You were starving.

You visited 1 branch of the dungeon, and saw 4 of its levels.

You collected 73 gold pieces.

Inventory:

Hand Weapons
 a - a +0 mace (weapon)
Armour
 d - a +0 leather armour (worn)
 g - a +0 shield
 m - a +0 buckler
Jewellery
 k - an amulet of rage (around neck)
Scrolls
 b - a scroll of recharging
Potions
 i - a potion of cancellation {unknown}
 l - 3 potions of brilliance {unknown}
Books
 e - a book of Maledictions

   Spells                             Type                      Level
   a - Corona                         Hexes                        1
   b - Ensorcelled Hibernation        Hexes/Ice                    2
   c - Confuse                        Hexes                        3
   d - Tukima's Dance                 Hexes                        3
   e - Dazzling Spray                 Conjuration/Hexes            3
 f - a book of Cantrips

   Spells                             Type                      Level
   a - Confusing Touch                Hexes                        1
   b - Animate Skeleton               Necromancy                   1
   c - Summon Small Mammal            Summoning                    1
   d - Apportation                    Translocation                1
Comestibles
 c - a bread ration
 h - a beef jerky


   Skills:
 - Level 3.2 Fighting
 * Level 5.7 Maces & Flails
 - Level 2.5 Armour
 - Level 2.4 Dodging
 - Level 2.1 Stealth


You had 2 spell levels left.
You knew the following spells:

 Your Spells              Type           Power        Failure   Level  Hunger
a - Apportation           Tloc           #.........   38%         1    ##.....
b - Corona                Hex            #......      38%         1    ##.....


Dungeon Overview and Level Annotations

Branches:
Dungeon (4/15)
 Temple: D:4-7

Altars:
Makhleb
Okawaru
Sif Muna
Xom


Innate Abilities, Weirdness & Mutations

You are resistant to torment.
Your stone body is resilient. (AC +4)
You are immune to poison.
You resist negative energy. (rN+)
You are resistant to electric shocks. (rElec)
You can survive without breathing.
You are immune to petrification.
You are immune to rotting.


Message History

* * * LOW HITPOINT WARNING * * *
The orc priest closely misses you.
You sock the orc priest!
The orc priest is almost dead.
The orc hits you with a mace.
* * * LOW HITPOINT WARNING * * *
The orc priest mumbles some strange prayers to Beogh against you.
You barely resist. You hit the orc priest.
You kill the orc priest!
Okawaru accepts your kill. The orc hits you with a mace.
* * * LOW HITPOINT WARNING * * *
The orc priest looks braver for a moment.
Found a stone staircase leading down.
You see here a ring mail.
You barely miss the orc priest.
The orc priest mumbles some strange prayers to Beogh against you.
Beogh smites you!
You die...

####.#.....
#.....##### ##
#.##### #. #.#
#. #.# # #. #.#
#..###$#######.#
#...>..o.......#
#.###o@########
#.o..# #.....#
#.....# #.....#
#....## ...>##
.....


You could see 2 orc priests and an orc.

Vanquished Creatures
  An orc priest (D:4)
  Ijyb (D:3)
  Terence (D:2)
  3 adders
  2 shadow imps
  2 oozes
  2 worms
  2 dart slugs (D:1)
  8 giant cockroaches
  5 goblins
  4 hobgoblins
  7 jackals
  A quokka (D:3)
  6 bats
  3 frilled lizards
  12 kobolds
  9 rats
69 creatures vanquished.

Notes
Turn   | Place    | Note
-------+----------+-------------------------------------------
     0 | D:1      | tbh1313 the Gargoyle Monk began the quest for the Orb.
     0 | D:1      | Reached XP level 1. HP: 14/14 MP: 1/1
    99 | D:1      | Reached XP level 2. HP: 16/19 MP: 2/2
   368 | D:1      | Reached skill level 1 in Armour
   502 | D:1      | Reached XP level 3. HP: 23/23 MP: 3/3
   563 | D:1      | Reached skill level 4 in Maces & Flails
   955 | D:2      | Noticed Terence
   979 | D:3      | Reached XP level 4. HP: 18/28 MP: 4/4
  1009 | D:3      | Learned a level 1 spell: Apportation
  1385 | D:2      | Found a shimmering altar of Xom.
  1549 | D:2      | Killed Terence
  1710 | D:2      | Found a burning altar of Makhleb.
  1942 | D:2      | Reached XP level 5. HP: 32/32 MP: 5/5
  1946 | D:2      | Reached skill level 5 in Maces & Flails
  2017 | D:3      | Found an iron altar of Okawaru.
  2034 | D:3      | Became a worshipper of Warmaster Okawaru
  2034 | D:3      | Reached * piety under Okawaru
  2034 | D:3      | Reached ** piety under Okawaru
  2181 | D:3      | Noticed Ijyb
  2190 | D:3      | Killed Ijyb
  2247 | D:3      | Learned a level 1 spell: Corona
  2723 | D:3      | Found a deep blue altar of Sif Muna.
  3154 | D:4      | Killed from afar by an orc priest

Skill      XL: |  1  2  3  4  5 |
---------------+----------------+-----
Armour         | 1 2 |  2.5
Maces & Flails | 4 5 |  5.7
Fighting       | |  3.2
Dodging        | |  2.4
Stealth        | |  2.1

Action                   |  1- 3 |  4- 6 || total
-------------------------+-------+-------++-------
Melee: Mace              |   110 |   150 ||   260
Invok: Heroism           |       |     1 ||     1
 Abil: Evoke Berserk Rag |       |     2 ||     2
  Use: Scroll            |     4 |     3 ||     7
 Stab: Sleeping          |     2 |     2 ||     4
       Distracted        |     1 |       ||     1
  Eat: Chunk             |       |     7 ||     7
Armor: Leather armour    |    41 |    39 ||    80
       Robe              |     1 |       ||     1
Dodge: Dodged            |   112 |    84 ||   196
